 Dungeon Crawl Stone Soup version 0.25-a0-719-gde951dce62 (webtiles) character file.

Game seed: 4953011916284144290, levelgen mode: deterministic

4987 kae the Grappler (level 10, -2/71 HPs)
             Began as a Green Draconian Transmuter on Apr 6, 2020.
             Was an Elder of Wu Jian.
             Shot with an arrow by a centaur (12 damage)
             ... on level 10 of the Dungeon.
             The game lasted 00:11:10 (11951 turns).

kae the Grappler (Green Draconian Transmuter)      Turns: 11951, Time: 00:11:11

Health: -2/71      AC:  3    Str: 16    XL:     10   Next: 29%
Magic:  29/29      EV: 12    Int: 13    God:    Wu Jian [****..]
Gold:   575        SH:  4    Dex: 12    Spells: 8/23 levels left

rFire    . . .     SeeInvis +     - Unarmed
rCold    . . .     Gourm    .   (no shield)
rNeg     . . .     Faith    .   (armour unavailable)
rPois    +         Spirit   .   (helmet restricted)
rElec    .         Reflect  +   (no cloak)
rCorr    .         Harm     .   (no gloves)
MR       .....     Clarity  +   (no boots)
Stlth    +.........             y - +4 amulet of reflection
HPRegen  0.21/turn              w - +5 ring of slaying
MPRegen  0.21/turn              e - ring of magical power

@: lethally poisoned (-2 -> -4), corroded
A: breathe noxious fumes, unfitting armour, see invisible, clarity, poison
resistance, cold-blooded, AC +7
a: Breathe Noxious Fumes, Wall Jump, Serpent's Lash, Renounce Religion


You were on level 10 of the Dungeon.
You worshipped Wu Jian.
Wu Jian was greatly pleased with you.
You were not hungry.

You visited 2 branches of the dungeon, and saw 11 of its levels.
You also visited: Ossuary.

You collected 575 gold pieces.

Inventory:

Hand Weapons
 i - a +2 dagger of venom
 o - a +1 hand axe
Missiles
 a - 98 arrows
Jewellery
 e - a ring of magical power (right hand)
 j - an uncursed ring of fire
 r - an uncursed ring of stealth
 w - a +5 ring of slaying (left hand)
 x - an uncursed amulet of rage
 y - a +4 amulet of reflection (around neck)
 A - an uncursed amulet of magic regeneration
 B - an uncursed ring of wizardry {unknown}
 D - a cursed -5 ring of intelligence
Wands
 q - a wand of flame (7)
 C - a wand of paralysis (8)
Scrolls
 b - 5 scrolls of blinking
 d - 4 scrolls of remove curse
 g - 2 scrolls of teleportation
 k - 4 scrolls of enchant armour
 l - a scroll of identify
 p - a scroll of enchant weapon
 E - 3 scrolls of fear
 F - a scroll of magic mapping {unknown}
 G - a scroll of acquirement {unknown}
Potions
 f - 4 potions of might
 h - 3 potions of mutation
 m - 5 potions of brilliance
 n - 2 potions of heal wounds
 s - 9 potions of curing
 t - 3 potions of stabbing
 u - a potion of haste
 v - 2 potions of flight
 z - a potion of cancellation
Comestibles
 c - 14 rations


   Skills:
 - Level 1.1 Fighting
 - Level 1.7 Dodging
 * Level 11.1 Unarmed Combat
 + Level 7.2 Spellcasting
 + Level 7.9 Transmutations


You had 8 spell levels left.
You knew the following spells:

 Your Spells              Type           Power        Failure   Level  Hunger
a - Beastly Appendage     Tmut           ####..       1%          1    None
b - Sticks to Snakes      Tmut           ####....     1%          2    #......
c - Spider Form           Tmut/Pois      ###.......   9%          3    ##.....
d - Ice Form              Ice/Tmut       ###.....     28%         4    ####...
e - Blade Hands           Tmut           ####......   16%         5    ######.

Your spell library contained the following spells:

 Spells                   Type           Power        Failure   Level  Hunger
 Summon Small Mammal      Summ           #...         16%         1    None
 Call Imp                 Summ           #.......     22%         2    #......
 Call Canine Familiar     Summ           #.......     41%         3    ##.....
 Summon Guardian Golem    Hex/Summ       #.......     41%         3    ##.....
 Summon Ice Beast         Ice/Summ       #.......     83%         4    ####...
 Summon Lightning Spire   Summ/Air       #.......     83%         4    ####...


Dungeon Overview and Level Annotations

Branches:
Dungeon (10/15)            Temple (1/1) D:4         Ossuary (visited)
   Lair: D:8-11         Orc: D:9-12

Altars:
Ashenzari
Cheibriados
Dithmenos
Elyvilon
Fedhas
Gozag
Hepliaklqana
Kikubaaqudgha
Makhleb
Nemelex Xobeh
Okawaru
Qazlal
Ru
Sif Muna
Trog
Uskayaw
Vehumet
Wu Jian
Xom
Yredelemnul
Zin
The Shining One

Shops:
D:9 }


Innate Abilities, Weirdness & Mutations

You can breathe blasts of noxious fumes.
Your lurid green scales are hard. (AC +7)
You cannot fit into any form of body armour.
Your system is resistant to poisons. (rPois)
You are cold-blooded and may be slowed by cold attacks.
You have supernaturally acute eyesight. (SInv)
You possess an exceptional clarity of mind.


Message History

The ynoxinul gestures.
You see here a ration.
You spin and attack the rust devil.
You barely miss the rust devil.
The rust devil is lightly wounded.
Your transformation has ended.
Your surroundings suddenly seem different.
You feel sick.
A centaur comes into view.
The centaur shouts!
The centaur wields a +0 shortbow.
The centaur shoots an arrow.
The arrow hits you but does no damage.
A phantom comes into view.
Found a scroll of enchant armour.
A hungry ghost comes into view.
You feel sick.
The hungry ghost moves out of view.
You spin and attack the phantom.
You closely miss the phantom.
Your tail-slap misses the phantom.
The phantom hits you but does no damage.
You feel sick.
The centaur shoots an arrow.
The arrow hits you!
You die...

.........
#........
#.......#
#...c...#
#.......#
##.......#
##........#
####.W........
#..@...?......
######........
#........
#........
#........
#........
#........
#######


You could see a phantom (pinned) and a centaur.

Vanquished Creatures
  Sigmund (D:5)
  A hungry ghost (D:8)
  A human (D:10)
  An acid dragon (D:9)
  A water moccasin (D:7)
  2 orc warriors
  Duvessa (D:4)
  An ice beast (D:8)
  2 phantoms (D:4)
  3 black bears (D:6)
  4 centaurs
  5 ogres
  A bullfrog (D:8)
  3 water moccasin zombies (Ossuary)
  A gnoll sergeant (D:5)
  Dowan (D:4)
  A water moccasin skeleton (D:7)
  2 scorpions
  7 killer bees
  A howler monkey (D:5)
  7 crimson imps
  A bullfrog zombie (D:6)
  4 jellies
  4 orc priests
  A hound (D:4)
  3 quasits
  3 bullfrog skeletons
  5 iguanas
  13 worker ants
  14 orc wizards
  3 big kobold zombies (Ossuary)
  2 hound zombies
  A hound skeleton (D:9)
  2 mummies (Ossuary)
  8 adders
  5 gnolls (D:5)
  4 shadow imps
  An ooze (D:1)
  3 adder zombies (Ossuary)
  3 adder skeletons
  A worm (D:4)
  2 dart slugs
  A leopard gecko (D:5)
  26 orcs
  5 bats
  5 giant cockroaches
  4 gnoll zombies (Ossuary)
  14 goblins
  12 hobgoblins
  12 jackals
  2 quokkas
  2 ball pythons
  3 frilled lizards
  3 hobgoblin zombies (Ossuary)
  8 kobolds
  4 kobold zombies (Ossuary)
  4 orc zombies (Ossuary)
  A quokka zombie (D:9)
  9 rats
245 creatures vanquished.

Notes
Turn   | Place    | Note
-------+----------+-------------------------------------------
     0 | D:1      | kae the Draconian Transmuter began the quest for the Orb.
     0 | D:1      | Reached XP level 1. HP: 16/16 MP: 3/3
    79 | D:1      | Reached XP level 2. HP: 19/23 MP: 5/5
   120 | D:1      | Learned a level 2 spell: Sticks to Snakes
   774 | D:2      | Reached XP level 3. HP: 28/28 MP: 6/6
   942 | D:2      | Found a sparkling altar of Nemelex Xobeh.
  1354 | D:3      | Reached skill level 4 in Unarmed Combat
  1763 | D:3      | Reached XP level 4. HP: 31/35 MP: 5/7
  2213 | D:3      | Learned a level 3 spell: Spider Form
  2623 | D:4      | Noticed a phantom
  2635 | D:4      | Noticed an ogre
  2726 | D:4      | Noticed Duvessa
  2753 | D:4      | Noticed Dowan
  2798 | D:4      | Gained mutation: You have supernaturally acute eyesight.
                  | (SInv) [potion of mutation]
  2798 | D:4      | Gained mutation: You possess an exceptional clarity of
                  | mind. [potion of mutation]
  2823 | D:4      | Killed Duvessa
  2823 | D:4      | Reached skill level 5 in Unarmed Combat
  2823 | D:4      | Reached XP level 5. HP: 21/40 MP: 6/9
  2836 | D:4      | Killed Dowan
  2836 | D:4      | Reached XP level 6. HP: 20/47 MP: 1/10
  3031 | D:4      | Found a staircase to the Ecumenical Temple.
  3067 | Temple   | Entered the Ecumenical Temple
  3158 | Temple   | Became a worshipper of the Wu Jian Council
  3791 | D:4      | Learned a level 4 spell: Ice Form
  3809 | D:5      | Entered Level 5 of the Dungeon
  4176 | D:5      | Reached skill level 6 in Unarmed Combat
  4203 | D:5      | Your scales start taking on a lurid green colour.
  4203 | D:5      | Reached XP level 7. HP: 20/52 MP: 9/12
  4203 | D:5      | Gained mutation: Your system is resistant to poisons.
                  | (rPois) [Green Draconian growth]
  5354 | D:5      | Found a burning altar of Makhleb.
  5720 | D:5      | Noticed Sigmund
  5772 | D:5      | Killed Sigmund
  5772 | D:5      | Reached skill level 7 in Unarmed Combat
  5772 | D:5      | Reached skill level 5 in Transmutations
  5772 | D:5      | Reached XP level 8. HP: 59/59 MP: 10/14
  6648 | D:4      | Reached * piety under Wu Jian
  6662 | D:4      | Reached skill level 8 in Unarmed Combat
  6662 | D:4      | Reached skill level 5 in Spellcasting
  6828 | D:3      | Found a shimmering blue altar of Sif Muna.
  7201 | D:6      | Found a sand-covered staircase.
  7327 | Ossuary  | Entered an ossuary
  7426 | Ossuary  | Reached ** piety under Wu Jian
  7772 | Ossuary  | Reached XP level 9. HP: 35/64 MP: 17/17
  7784 | Ossuary  | Reached skill level 9 in Unarmed Combat
  8025 | D:6      | Found a bloodstained altar of Trog.
  8266 | D:6      | Found a hazy altar of Hepliaklqana.
  8292 | D:6      | Found a radiant altar of Vehumet.
  8392 | D:6      | Found a shadowy altar of Dithmenos.
  8393 | D:6      | Found a shimmering altar of Xom.
  8395 | D:6      | Found a blossoming altar of Fedhas.
  8798 | D:7      | Reached *** piety under Wu Jian
  8816 | D:7      | Reached skill level 10 in Unarmed Combat
 10151 | D:8      | Found a glowing silver altar of Zin.
 10417 | D:8      | Reached XP level 10. HP: 63/71 MP: 20/20
 10727 | D:9      | Reached **** piety under Wu Jian
 10819 | D:9      | Found a shattered altar of Ashenzari.
 11306 | D:9      | Found Vilueskaked's Gadget Emporium.
 11469 | D:9      | Learned a level 5 spell: Blade Hands
 11586 | D:10     | Entered Level 10 of the Dungeon
 11611 | D:10     | Reached skill level 11 in Unarmed Combat
 11938 | D:10     | Noticed a sixfirhy
 11943 | D:10     | Noticed a rust devil
 11945 | D:10     | HP: 2/71 [sixfirhy[a kobold demonologist] (10)]
 11951 | D:10     | Shot with an arrow by a centaur

Levels and vault maps discovered:
D:1:      dpeg_arrival_shelter, layout_rooms
D:2:      layout_rooms, lemuel_round_altar
D:3:      layout_loops_corners, tgw_sif
D:4:      layout_cave_pools, minmay_temple_entry_junction_2, first_ration,
          uniq_duvessa
D:5:      minmay_inner_zag, layout_loops_cross, lightli_temple_of_fire,
          uniq_sigmund
D:6:      layout_basic, overflow_temple_1_default,
          chequers_temple_overflow_statue_of_worship, basic_altar,
          enter_ossuary_5, trog_ov_bears_minmay
D:7:      layout_loops_ring
D:8:      layout_basic, nicolae_overflow_hidden_temple
D:9:      layout_roguey, old_standard_altar, serial_shops,
          nicolae_shop_behind_doors
D:10:     kennysheep_six_static_rooms, layout_irregular_city, grunt_pizzeria
Temple:   nicolae_temple_great_sept

Skill      XL: |  1  2  3  4  5  6  7  8  9 10 |
---------------+-------------------------------+-----
Unarmed Combat | 4 5 6 7 8 10 11 | 11.1
Transmutations | 3 4 5 6 7 |  7.9
Spellcasting   | 3 4 5 6 7 |  7.2
Fighting       | |  1.1
Dodging        | |  1.7

Action                   |  1- 3 |  4- 6 |  7- 9 | 10-12 || total
-------------------------+-------+-------+-------+-------++-------
Melee: Unarmed           |    78 |    84 |   242 |   113 ||   517
       Headbutt          |     6 |     1 |       |       ||     7
       Punch             |     1 |     1 |     8 |       ||    10
       Tailslap          |    12 |     4 |    38 |       ||    54
       Kick              |     5 |     3 |       |       ||     8
       Hand axe          |    74 |    52 |   231 |       ||   357
 Cast: Beastly Appendage |    26 |     4 |       |       ||    30
       Sticks to Snakes  |     2 |     1 |     1 |       ||     4
       Spider Form       |       |     9 |    34 |    11 ||    54
       Ice Form          |       |       |     3 |       ||     3
Invok: Lunge             |       |     2 |    30 |     6 ||    38
       Whirlwind         |       |       |       |     5 ||     5
 Abil: Breathe Noxious F |       |       |    13 |       ||    13
  Use: Scroll            |       |    10 |     8 |     1 ||    19
       Potion            |       |     6 |     1 |     2 ||     9
 Stab: Sleeping          |     1 |       |    11 |     1 ||    13
       Confused          |       |       |     8 |       ||     8
  Eat: Chunk             |     3 |     4 |    18 |     7 ||    32
       Ration            |       |     1 |     3 |       ||     4
Armor: Skin              |    34 |    37 |   144 |     8 ||   223
Dodge: Dodged            |   119 |   150 |   374 |    78 ||   721
Block: Other             |       |       |     3 |    14 ||    17
       Reflection        |       |       |     1 |       ||     1

Table legend:
 A = Non-vault XP
 B = Vault XP
 C = Vault XP percentage of total XP
 D = Non-vault monster count
 E = Vault monster count
 F = Vault count percentage of total count
                 A         B        C        D         E       F
            +---------+---------+-------+---------+---------+-------
      Total |    5665 |    1460 |  20.5 |     203 |      38 |  15.8
            +---------+---------+-------+---------+---------+-------
        D:1 |      31 |       0 |   0.0 |      15 |       0 |   0.0
        D:2 |      34 |       0 |   0.0 |      19 |       0 |   0.0
        D:3 |     128 |      42 |  24.7 |      31 |       1 |   3.1
        D:4 |     836 |     213 |  20.3 |      27 |       2 |   6.9
        D:5 |     738 |     388 |  34.5 |      21 |       6 |  22.2
        D:6 |    1041 |     252 |  19.5 |      23 |       2 |   8.0
        D:7 |     957 |       0 |   0.0 |      23 |       0 |   0.0
        D:8 |     713 |       0 |   0.0 |      14 |       0 |   0.0
        D:9 |     816 |       0 |   0.0 |      23 |       0 |   0.0
       D:10 |     371 |     185 |  33.3 |       7 |       1 |  12.5
    Ossuary |       0 |     380 | 100.0 |       0 |      26 | 100.0
            +---------+---------+-------+---------+---------+-------
